AoeStats
← Bor-Komorov

Arena

510824015Analyzed
4v4 RM · 19h ago on Oct 2, 2026· 63m 30s· 8 players
Game mode
Random Map
Map size
Large (8 player)
Population
200
Speed
Normal
Resources
Standard
Victory
Conquest
Starting age
Dark Age
Ending age
Imperial Age
RankedLock teamsTeams togetherTeam positionsShared explorationLock speedFull tech treeHidden civsTurbo modeCheats
Victory
Defeat
🇨🇴 Saracens · Colombia
1263
+12
🇨🇴 Turks · Colombia
1197
+15
🇨🇴 Jurchens · Colombia
1188
+15
🇨🇴 Khmer · Colombia
1185
+17
🇬🇧 Dravidians · United Kingdom
1225
-16
🇦🇺 Vikings · Australia
1179
-15
🇺🇸 Jurchens · United States
1177
-15
🇵🇱 Danes · Poland
1129
-13
RastaRegent
11:15 Feudal Age
11:59 Double-Bit Axe
15:21 Castle Age
15:15 Forging
17:35 Loom
20:55 Squires
dobry gracz2137
0:36 Loom
10:26 Feudal Age
14:08 Horse Collar
17:40 Castle Age
15:49 Double-Bit Axe
16:14 Stone Mining
20:09 Fletching
22:50 Town Watch
23:23 Heavy Plow
24:44 Wheelbarrow
27:15 Bodkin Arrow
27:40 Hand Cart
27:47 Guard Tower
28:03 Town Patrol
29:43 Scale Mail Armor
29:54 Forging
32:37 Chain Mail Armor
34:41 Gold Mining
37:03 Pikeman
37:44 Squires
40:12 Iron Casting
41:49 Thumb Ring
42:35 Gold Shaft Mining
43:11 Bloodlines
43:02 Husbandry
43:44 Light Cavalry
44:39 Scale Barding Armor
45:22 Elite Skirmisher
46:17 Padded Archer Armor
51:43 Imperial Age
51:48 Chain Barding Armor
51:56 Halberdier
54:01 Plate Mail Armor
54:32 Blast Furnace
56:22 Capped Ram
62:09 Elite Varangian Guard
Dharos
11:15 Feudal Age
12:40 Double-Bit Axe
15:54 Castle Age
15:52 Wheelbarrow
15:02 Loom
17:00 Bow Saw
16:38 Horse Collar
18:45 Fletching
21:26 Pikeman
22:15 Heavy Plow
22:10 Gold Mining
22:56 Elite Skirmisher
23:36 Bodkin Arrow
28:57 Hand Cart
28:56 Stone Mining
29:40 Squires
30:08 Husbandry
30:01 Gambesons
30:02 Arson
31:08 Thumb Ring
37:55 Medical Corps
41:46 Imperial Age
39:02 Town Watch
41:01 Man-at-Arms
41:44 Padded Archer Armor
41:55 Forging
42:03 Scale Mail Armor
42:25 Elite Elephant Archer
42:26 Halberdier
42:28 Long Swordsman
43:34 Bracer
44:11 Iron Casting
44:37 Leather Archer Armor
44:44 Ballistics
45:25 Chemistry
44:24 Murder Holes
44:40 Fortified Wall
44:41 Masonry
44:09 Two-Handed Swordsman
44:19 Siege Elephant
45:47 Conscription
46:05 Wootz Steel
45:08 Champion
45:31 Light Cavalry
46:19 Scale Mail Armor
51:47 Hoardings
56:42 Two-Man Saw
richnoob575
10:58 Feudal Age
14:51 Castle Age
27:18 Stone Mining
29:00 Chieftains
30:10 Squires
33:02 Imperial Age
32:36 Double-Bit Axe
33:01 Horse Collar
33:42 Forging
33:33 Scale Mail Armor
33:48 Elite Varangian Guard
34:17 Arson
34:41 Gold Mining
36:31 Iron Casting
36:11 Chain Mail Armor
39:13 Fletching
38:57 Onager
42:01 Blast Furnace
41:17 Chain Mail Armor
40:58 Bodkin Arrow
45:11 Chemistry
44:17 Siege Engineers
45:13 Bow Saw
Höor
9:49 Feudal Age
10:25 Double-Bit Axe
13:33 Loom
14:01 Fletching
16:40 Padded Archer Armor
21:29 Castle Age
20:03 Gold Mining
19:55 Horse Collar
21:38 Crossbowman
22:51 Bodkin Arrow
26:09 Wheelbarrow
25:52 Town Watch
26:10 Heavy Plow
27:02 Ballistics
29:39 Leather Archer Armor
32:50 Gold Shaft Mining
33:33 Thumb Ring
36:01 Hand Cart
35:51 Caravan
38:30 Bow Saw
39:05 Town Patrol
42:12 Imperial Age
41:18 Bimaristan
42:21 Arbalester
43:03 Bracer
43:34 Ring Archer Armor
44:44 Conscription
44:07 Elite Skirmisher
46:10 Chemistry
45:21 Fortified Wall
48:53 Stone Mining
49:12 Siege Engineers
50:22 Two-Man Saw
49:42 Forging
49:38 Scale Barding Armor
49:51 Counterweights
50:18 Hoardings
54:28 Coinage
55:47 Heavy Cavalry Archer
56:53 Parthian Tactics
56:49 Chain Barding Armor
57:04 Iron Casting
58:14 Plate Barding Armor
60:54 Banking
61:25 Blast Furnace
60:25 Scale Mail Armor
61:10 Light Cavalry
62:01 Bloodlines
61:51 Husbandry
61:12 Heavy Camel Rider
61:47 Hussar
61:51 Capped Ram
61:52 Onager
62:30 Murder Holes
62:46 Masonry
62:27 Guard Tower
62:55 Redemption
62:56 Fervor
63:13 Block Printing
64:06 Chain Mail Armor
63:45 Arrowslits
63:22 Siege Ram
64:25 Sanctity
Bor-Komorov
11:19 Feudal Age
15:23 Castle Age
17:00 Double-Bit Axe
17:00 Horse Collar
30:04 Wheelbarrow
32:40 Imperial Age
30:47 Bloodlines
30:39 Husbandry
33:11 Scale Barding Armor
33:17 Forging
35:19 Hand Cart
35:30 Chain Barding Armor
35:40 Elite Steppe Lancer
41:06 Plate Barding Armor
43:47 Iron Casting
44:10 Gold Mining
45:32 Conscription
46:45 Elite Iron Pagoda
48:59 Heavy Plow
61:25 Blast Furnace
Deanu Reeves
10:58 Feudal Age
14:09 Castle Age
12:46 Double-Bit Axe
15:50 Wheelbarrow
16:51 Bloodlines
16:57 Gold Mining
17:47 Scale Barding Armor
19:37 Forging
24:16 Loom
25:50 Husbandry
26:56 Gold Shaft Mining
27:35 Iron Casting
37:19 Fletching
39:33 Stone Mining
40:44 Bodkin Arrow
41:29 Horse Collar
42:35 Bow Saw
42:42 Heavy Plow
43:37 Town Watch
44:08 Hand Cart
47:07 Imperial Age
46:53 Hand Cart
46:38 Town Patrol
48:26 Conscription
48:24 Cavalier
50:53 Stone Shaft Mining
52:41 Blast Furnace
53:44 Crop Rotation
57:41 Chain Barding Armor
57:59 Double Crossbow
59:48 Elite Ballista Elephant
62:12 Bracer
63:23 Spies/Treason
Volk
11:22 Feudal Age
13:21 Loom
15:56 Castle Age
14:15 Horse Collar
14:26 Double-Bit Axe
16:07 Gold Mining
16:02 Horse Collar
20:26 Bow Saw
27:34 Imperial Age
25:27 Padded Archer Armor
25:51 Fletching
26:06 Stone Mining
29:01 Gold Shaft Mining
29:44 Leather Archer Armor
29:24 Bodkin Arrow
31:47 Conscription
40:18 Wheelbarrow
40:16 Ring Archer Armor
41:02 Ballistics
41:50 Scale Barding Armor
41:45 Elite Janissary
43:51 Chain Barding Armor
43:55 Forging
44:37 Hoardings
44:15 Bloodlines
44:06 Husbandry
47:18 Plate Barding Armor
49:21 Murder Holes
49:37 Masonry
50:40 Iron Casting
51:34 Town Watch
52:18 Hand Cart
57:58 Blast Furnace
56:59 Bracer
59:58 Two-Man Saw
59:12 Artillery
61:14 Architecture
60:24 Treadmill Crane
62:26 Theocracy
61:52 Devotion
62:12 Sanctity
63:10 Sipahi
62:22 Sappers
63:37 Town Patrol
Connection lost

Rejoining the realm…

Still unreachable

The connection could not be restored.

Session expired

The server has moved on; the page needs a fresh start.